 Dungeon Crawl Stone Soup version 0.21.0-24-g2553a33 (webtiles) character file.

6113 Gorglomux the Fighter (level 10, 0/119 HPs)
             Began as an Ogre Hunter on Jan 19, 2018.
             Was a Priest of Okawaru.
             Slain by a vampire mosquito (7 damage)
             ... on level 9 of the Dungeon.
             The game lasted 00:20:06 (11668 turns).

Gorglomux the Fighter (Ogre Hunter)                Turns: 11668, Time: 00:20:07

Health: 0/119      AC:  7    Str: 18    XL:     10   Next: 89%
Magic:  10/12      EV: 11    Int: 15    God:    Okawaru [***...]
Gold:   531        SH:  6    Dex:  7    Spells: 9/9 levels left

rFire    + . .     SeeInvis .   a - +1 short sword
rCold    . . .     Gourm    .   (no shield)
rNeg     . . .     Faith    .   x - +0 troll leather armour
rPois    +         Spirit   .   (helmet restricted)
rElec    .         Reflect  +   G - +0 cloak
rCorr    .         Harm     .   (gloves unavailable)
MR       +....                  (boots unavailable)
Stlth    ++........             X - +6 amulet of reflection
HPRegen  0.69/turn              L - -2 ring of dexterity (curse)
MPRegen  0.13/turn              f - ring of protection from fire

@: heroism
A: large, unfitting armour, talons 1, blurry vision 1, poison resistance, tough
skin 1
a: Heroism, Renounce Religion


You were on level 9 of the Dungeon.
You worshipped Okawaru.
Okawaru was most pleased with you.
You were not hungry.

You visited 2 branches of the dungeon, and saw 10 of its levels.

You collected 531 gold pieces.

Inventory:

Hand Weapons
 a - a +1 short sword (weapon)
Missiles
 s - 3 curare-tipped needles
 y - 105 stones (quivered)
 Z - 3 throwing nets
Armour
 w - a +0 shield
 x - a +0 troll leather armour (worn)
 G - a +0 cloak (worn)
Jewellery
 f - a ring of protection from fire (right hand)
 L - a cursed -2 ring of dexterity (left hand)
 O - an uncursed ring of positive energy
 X - a +6 amulet of reflection (around neck)
Wands
 I - a wand of iceblast (5)
 P - a wand of paralysis (10)
Scrolls
 t - a scroll of silence {unknown}
 u - a scroll of fear
 z - a scroll of noise {unknown}
 C - a scroll of amnesia {unknown}
 D - 3 scrolls of remove curse
 J - 2 scrolls of fog {unknown}
 R - 8 scrolls of identify
 T - 5 scrolls of teleportation
 U - 2 scrolls of enchant weapon
Potions
 v - 2 potions of resistance
 H - 2 potions of cancellation
 M - a potion of flight {unknown}
 N - a potion of haste
 Q - a potion of curing
 V - 2 potions of brilliance
 W - 5 potions of might
 Y - 4 potions of agility
Books
 A - a book of Geomancy

   Spells                             Type                      Level
   a - Sandblast                      Earth                        1
   b - Passwall                       Transmutation/Earth          2
   c - Stone Arrow                    Conjuration/Earth            3
   d - Petrify                        Transmutation/Earth          4
   e - Lee's Rapid Deconstruction     Earth                        5
Comestibles
 B - 14 rations
 S - a chunk of flesh


   Skills:
 - Level 13.0(18.0) Fighting
 - Level 10.8(15.8) Throwing
 - Level 1.7(6.7) Dodging
 - Level 0.6(5.6) Stealth
 + Level 5.9(10.9) Shields
 - Level 3.1 Invocations


You had 9 spell levels left.
You didn't know any spells.

Dungeon Overview and Level Annotations

Branches:
Dungeon (9/15)             Temple (1/1) D:4             Orc (0/2) D:9
   Lair: D:8-11

Altars:
Cheibriados
Elyvilon
Gozag
Hepliaklqana
Nemelex Xobeh
Okawaru
Qazlal
Ru
Sif Muna
Uskayaw
Zin
The Shining One

Annotations:
D:9 2 runed doors, Virusyak's ghost, journeyman GnSk


Innate Abilities, Weirdness & Mutations

You are too large for most types of armour.
You have tough skin. (AC +1)
You have sharp toenails.
Scrolls take you a little longer to read.
Your system is resistant to poisons. (rPois)


Message History

You stick the vampire mosquito like a pincushion!
The vampire mosquito is heavily damaged!
The vampire mosquito bites you! * * * don't die
* * * The vampire mosquito bites you but butts no damage!
You barely miss the vampire mosquito!
The vampire mosquito is heavily damaged!
You feel less wooden!
Your +0 cloak unmelds from your body!
Butt's +0 troll leather armour butts from your butt!
The vampire mosquito bites you! * * * don't die
* * * The vampire mosquito draws strength from your injuries!!!
The vampire mosquito barely misses you!
You gain the combat prowess of a mighty hero!
The vampire mosquito bites butt! * * * don't die
* * * The vampire mosquito draws strength from your injuries!!!
The butt mosquito bites you!!! rip

############# #....(......#
#.รท@y(......#
#######)#####(....########
#......[# #..[..........
#.......# #........###'#
#.......# #........#....
#.......# #........#....
###.......# #........#....
#.........#####........#....
####........K.Y........#..>.


You could see a vampire mosquito.

Vanquished Creatures
  A two-headed ogre (D:9)
  A death drake (shapeshifter) (D:9)
  Pikel (D:8)
  A troll (D:7)
  A wyvern (D:8)
  A hungry ghost (D:7)
  Grum (D:9)
  Edmund (D:4)
  Menkaure (D:4)
  An acid dragon (D:9)
  An orc warrior (D:7)
  3 ice beasts
  3 centaurs
  5 ogres
  3 wolves (D:9)
  A big kobold (D:8)
  2 bullfrogs
  A water moccasin zombie (D:9)
  A water moccasin skeleton (D:6)
  2 scorpions
  16 killer bees
  6 crimson imps
  4 hounds
  2 centaur zombies
  4 orc priests
  2 jellies
  A bullfrog skeleton (D:6)
  A gnoll shaman (D:5)
  Jessica (D:2)
  Terence (D:3)
  2 iguanas
  An orc wizard (D:9)
  2 worker ants
  A hound skeleton (D:7)
  2 worker ant zombies
  Robin (D:2)
  7 gnolls
  5 adders
  3 oozes
  3 adder skeletons
  3 worms
  A dart slug (D:2)
  4 leopard geckos
  15 orcs
  4 ball pythons
  9 giant cockroaches
  15 hobgoblins
  16 jackals
  3 quokkas
  9 bats
  2 frilled lizards
  27 goblins
  A jackal skeleton (D:4)
  11 kobolds
  A leopard gecko skeleton (D:5)
  10 rats
228 creatures vanquished.

Notes
Turn   | Place    | Note
-------+----------+-------------------------------------------
     0 | D:1      | Gorglomux the Ogre Hunter began the quest for the Orb.
     0 | D:1      | Reached XP level 1. HP: 22/22 MP: 1/1
    92 | D:1      | Reached skill level 3 in Fighting
   207 | D:1      | Reached XP level 2. HP: 26/31 MP: 2/2
   485 | D:1      | Reached XP level 3. HP: 39/39 MP: 3/3
  1049 | D:2      | Noticed Robin
  1095 | D:2      | Reached skill level 4 in Fighting
  1108 | D:2      | Noticed Jessica
  1299 | D:2      | Killed Robin
  1345 | D:2      | Reached XP level 4. HP: 29/49 MP: 4/4
  1664 | D:2      | Killed Jessica
  1664 | D:2      | Reached skill level 5 in Fighting
  1993 | D:2      | Reached XP level 5. HP: 57/57 MP: 5/5
  3137 | D:3      | Noticed Terence
  3140 | D:3      | Killed Terence
  3140 | D:3      | Reached XP level 6. HP: 67/67 MP: 6/6
  3368 | D:4      | Reached skill level 6 in Fighting
  3578 | D:4      | Noticed Menkaure
  3580 | D:4      | Killed Menkaure
  3580 | D:4      | Reached skill level 6 in Throwing
  3738 | D:4      | Noticed Edmund
  3767 | D:4      | Reached skill level 7 in Fighting
  3767 | D:4      | Reached XP level 7. HP: 67/78 MP: 7/7
  3879 | D:4      | Killed Edmund
  3988 | D:4      | Found a staircase to the Ecumenical Temple.
  4136 | Temple   | Entered the Ecumenical Temple
  4158 | Temple   | Became a worshipper of Warmaster Okawaru
  4341 | D:4      | Reached skill level 8 in Fighting
  4704 | D:5      | Entered Level 5 of the Dungeon
  4944 | D:5      | Found a hazy altar of Hepliaklqana.
  5168 | D:5      | Reached XP level 8. HP: 84/89 MP: 8/8
  5604 | D:5      | Found a stormy altar of Qazlal.
  5701 | D:5      | Found a white marble altar of Elyvilon.
  5830 | D:6      | Reached skill level 9 in Fighting
  6244 | D:6      | Reached * piety under Okawaru
  6542 | D:6      | Found a snail-covered altar of Cheibriados.
  6590 | D:6      | Reached skill level 10 in Fighting
  6886 | D:5      | Found an opulent altar of Gozag.
  7246 | D:6      | Reached XP level 9. HP: 102/102 MP: 9/9
  7310 | D:7      | Reached skill level 9 in Throwing
  7477 | D:7      | Noticed a troll
  7484 | D:7      | Killed a troll
  7484 | D:7      | Reached ** piety under Okawaru
  7484 | D:7      | Reached skill level 11 in Fighting
  8653 | D:8      | Found a glowing golden altar of the Shining One.
  8682 | D:7      | Reached skill level 12 in Fighting
  8721 | D:8      | Noticed Pikel
  8789 | D:7      | HP: 5/106 [poisoned by a killer bee]
  8794 | D:7      | HP: 4/106 [poisoned by a killer bee]
  8800 | D:7      | HP: 4/106 [poisoned by a killer bee]
  8807 | D:7      | HP: 5/106 [poisoned by a killer bee]
  9258 | D:8      | Killed Pikel
  9258 | D:8      | Reached XP level 10. HP: 118/118 MP: 7/10
  9598 | D:9      | Found a staircase to the Orcish Mines.
  9609 | D:9      | Found a hide-covered altar of Uskayaw.
  9632 | D:9      | Noticed a dagger
  9633 | D:9      | Noticed a hand axe
  9739 | D:9      | Found a glowing silver altar of Zin.
 10014 | D:9      | Reached skill level 13 in Fighting
 10250 | D:9      | Noticed a two-headed ogre
 10270 | D:9      | Killed a two-headed ogre
 10270 | D:9      | Reached *** piety under Okawaru
 10311 | D:8      | Reached skill level 3 in Invocations
 10604 | D:9      | Found a runed door.
 10610 | D:9      | Found a runed door.
 10670 | D:9      | Reached skill level 3 in Shields
 10785 | D:9      | Noticed Grum
 10916 | D:9      | Noticed Virusyak's ghost (journeyman GnSk)
 11290 | D:9      | Killed Grum
 11633 | D:9      | Noticed a death drake
 11650 | D:9      | Killed a death drake
 11651 | D:9      | Gained mutation: You have sharp toenails. [potion of mutation]
 11651 | D:9      | Gained mutation: Scrolls take you a little longer to read. [potion of mutation]
 11651 | D:9      | Gained mutation: Your system is resistant to poisons. (rPois) [potion of mutation]
 11668 | D:9      | Slain by a vampire mosquito

Skill      XL: |  1  2  3  4  5  6  7  8  9 10 |
---------------+-------------------------------+-----
Fighting       | 3 4 5 7 8 10 12 13 | 13.0
Throwing       | 5 6 7 8 10 | 10.8
Shields        | 5 |  5.9
Invocations    | 3 |  3.1
Dodging        | |  1.7
Stealth        | |  0.6

Action                   |  1- 3 |  4- 6 |  7- 9 | 10-12 || total
-------------------------+-------+-------+-------+-------++-------
Melee: Short sword       |   120 |   202 |   386 |   248 ||   956
       Unarmed           |       |       |       |     8 ||     8
       Punch             |       |       |       |     2 ||     2
Throw: Stone             |    25 |    23 |   206 |    49 ||   303
       Large rock        |     7 |    25 |    54 |     9 ||    95
       Tomahawk          |       |       |    55 |    11 ||    66
Invok: Heroism           |       |       |    13 |    16 ||    29
Evoke: Wand              |       |       |     3 |    18 ||    21
  Use: Scroll            |     2 |     3 |     2 |     1 ||     8
       Potion            |       |       |     1 |     5 ||     6
 Stab: Sleeping          |     1 |       |       |       ||     1
       Paralysed         |       |       |       |    10 ||    10
  Eat: Chunk             |     1 |     8 |    15 |     4 ||    28
       Ration            |       |       |     1 |     1 ||     2
Armor: Robe              |    34 |    46 |    95 |       ||   175
       Troll leather arm |       |       |    47 |    88 ||   135
       Skin              |       |       |       |    21 ||    21
Dodge: Dodged            |    68 |   100 |   290 |   143 ||   601
Block: Other             |    13 |    64 |   185 |   130 ||   392
       Reflection        |       |     2 |     1 |     1 ||     4
